 Dungeon Crawl Stone Soup version 0.30-a0-374-g95c0257040 (webtiles) character file.

Game seed: 3708729940256126561

20727 flotson the Fighter (level 12, -6/85 HPs)
             Began as a Demonspawn Delver on Nov 27, 2022.
             Was a High Priest of Hepliaklqana.
             Mangled by Rupert
             ... wielding a +5 great sword of holy wrath
              (9 damage)
             ... on level 12 of the Dungeon.
             The game lasted 00:27:19 (11323 turns).

flotson the Fighter (Demonspawn Delver)            Turns: 11323, Time: 00:27:20

Health: -6/85      AC: 11    Str: 17    XL:     12   Next: 47%
Magic:  18/18      EV: 19    Int: 16    God:    Hepliaklqana [*****.]
Gold:   874        SH: 17    Dex: 15    Spells: 11/11 levels left

rFire   . . .      SeeInvis .    b - +4 shortbow (drain)
rCold   . . .      Faith    .    (shield currently unavailable)
rNeg    . . .      Spirit   .    X - +3 leather armour "Veggef" {Regen+ Int+4}
rPois   +          Reflect  +    (no helmet)
rElec   .          Harm     .    n - +2 cloak
rCorr   .          Rampage  .    (gloves unavailable)
Will    .....                    D - +0 pair of boots
Stlth   +++.......               z - amulet of reflection
HPRegen 1.14/turn                q - +4 ring of evasion
MPRegen 0.16/turn                k - ring of poison resistance

@: hasted, very quick
A: reduced essence, claws 3, large bone plates 3, demonic guardian 1,
condensation shield
a: Renounce Religion, Recall Ancestor, Ancestor Identity, Transference, Idealise


You were on level 12 of the Dungeon.
You worshipped Hepliaklqana.
Hepliaklqana was extremely pleased with you.
You visited 2 branches of the dungeon, and saw 13 of its levels.
You also visited: Sewer and Bailey.

You collected 874 gold pieces.

Inventory:

Hand Weapons
 a - a +1 vorpal war axe
 b - a +4 shortbow of draining (weapon)
 K - a +3 trident of freezing
 N - a +1 sling of freezing
Missiles
 j - 5 javelins
 t - a throwing net
 B - 15 boomerangs
 R - 13 poisoned darts
Armour
 n - a +2 cloak (worn)
 D - a +0 pair of boots (worn)
 M - a scarf of resistance
 X - the +3 leather armour "Veggef" (worn) {Regen+ Int+4}
   (You found it on level 10 of the Dungeon)

   Int:       It affects your intelligence (+4).
   Regen:     It increases your rate of health regeneration.
Jewellery
 i - a +6 ring of dexterity
 k - a ring of poison resistance (right claw)
 q - a +4 ring of evasion (left claw)
 z - an amulet of reflection (around neck)
 O - a ring of willpower
Wands
 f - a wand of flame (7)
 g - a wand of digging (18)
 F - a wand of mindburst (15)
 S - a wand of charming (32)
 U - a wand of light (8)
Scrolls
 c - a scroll of fog
 e - 2 scrolls of poison {unknown}
 h - 2 scrolls of magic mapping
 o - 2 scrolls of torment {unknown}
 r - a scroll of silence {unknown}
 u - 3 scrolls of fear
 x - a scroll of vulnerability {unknown}
 y - 5 scrolls of teleportation {unknown}
 A - a scroll of acquirement {unknown}
 E - 3 scrolls of immolation {unknown}
 G - 2 scrolls of amnesia {unknown}
 H - a scroll of butterflies {unknown}
 L - a scroll of noise {unknown}
 V - 2 scrolls of enchant weapon
 Y - 4 scrolls of enchant armour
 Z - 4 scrolls of summoning
Potions
 d - 6 potions of might
 l - 5 potions of haste
 m - 2 potions of mutation
 p - 3 potions of heal wounds
 s - 9 potions of ambrosia
 v - 3 potions of lignification
 C - 3 potions of berserk rage
 I - 4 potions of curing
 J - 2 potions of attraction
 T - 2 potions of flight {unknown}
 W - 3 potions of invisibility
Miscellaneous
 P - a piece from Xom's chessboard (15/15)


   Skills:
 + Level 9.0 Fighting
 - Level 1.7 Polearms
 + Level 7.2 Ranged Weapons
 + Level 7.3 Throwing
 + Level 7.6 Armour
 + Level 7.9 Dodging
 - Level 4.5 Stealth
 - Level 8.0 Invocations
 + Level 8.2 Evocations


You had 11 spell levels left.
You didn't know any spells.
Your spell library contained the following spells:

 Spells                   Type           Power      Damage    Failure   Level
 Freeze                   Ice            0%         1d3       28%         1
 Slow                     Hex            0%         N/A       28%         1
 Sublimation of Blood     Necr           0%         N/A       41%         2
 Call Canine Familiar     Summ           0%         N/A       65%         3
 Confusing Touch          Hex            0%         N/A       65%         3
 Frozen Ramparts          Ice            0%         1d1       65%         3
 Hailstorm                Conj/Ice       0%         3d3       65%         3
 Ignite Poison            Fire/Tmut/Pois 0%         N/A       65%         3
 Kindle Blastsparks       Fire/Tloc/Air  0%         2d10      65%         3
 Portal Projectile        Hex/Tloc       0%         N/A       65%         3
 Vampiric Draining        Necr           0%         2d6       65%         3
 Animate Armour           Summ/Erth      0%         N/A       96%         4
 Fulminant Prism          Conj/Hex       0%         3d5       96%         4
 Iskenderun's Mystic Bla  Conj/Tloc      0%         2d3       96%         4
 Leda's Liquefaction      Hex/Erth       0%         N/A       96%         4
 Petrify                  Tmut/Erth      0%         N/A       96%         4
 Blade Hands              Tmut           0%         N/A       100%        5
 Freezing Cloud           Conj/Ice/Air   0%         6-21      100%        5
 Irradiate                Conj/Tmut      0%         3d11      100%        5
 Lee's Rapid Deconstruct  Erth           0%         3d4*      100%        5
 Iron Shot                Conj/Erth      0%         9d1       100%        6
 Statue Form              Tmut/Erth      0%         N/A       100%        6


Dungeon Overview and Level Annotations

Branches:
Dungeon (12/15)            Temple (0/1) D:4            Lair (1/5) D:8
    Orc (0/2) D:9           Sewer (visited)          Bailey (visited)

Altars:
Ashenzari
Cheibriados
Hepliaklqana
Qazlal
Trog
Uskayaw

Annotations:
D:11 NinjaNoafa's ghost, novice FeSu
D:12 Rupert


Innate Abilities, Weirdness & Mutations

Your life essence is reduced to manifest your ancestor. (-10% HP)
You have claws for hands.
You are completely covered in large bone plates. (SH +8)
A weak demonic guardian rushes to your aid.
A meltable shield of frost defends you. (SH +4)


Message History

Rupert misses you. Rupert attacks as you move away! Rupert closely misses you.
Rupert attacks as you move away!
Rupert hits you with a +5 great sword of holy wrath!!
You convulse!!
Rupert rages.
You block Rupert's attack.
There is a stone staircase leading up here.
Okay, then.
You can't see any enemies this would affect, really read the scroll of fear?
Okay, then.
Unknown command.
Unknown command.
You feel yourself speed up. Rupert closely misses you.
There is an open door here.
Rupert attacks as you move away! Rupert completely misses you.
Aiming: Mindburst
Press: ? - help, Shift-Dir - straight line, p - Rupert
Okay, then.
Unknown command.
As you read the scroll of summoning, it crumbles to dust.
Wisps of shadow whirl around you... You block Rupert's attack.
Rupert attacks as you move away! You block Rupert's attack.
Rupert rages.
Your gargoyle hits Rupert with a +0 mace.
Your troll bites Rupert.
Your troll claws Rupert! x2
Your troll closely misses Rupert.
Your troll claws Rupert.
Your troll claws Rupert!
Your gargoyle hits Rupert with a +0 mace!
There is an open door here.
Fire: b) +4 shortbow (drain)
Press: ? - help, Q - select action, (/) - cycle Shift-Dir - straight line, f/p - Rupert
Aim: Rupert, wielding a +5 great sword of holy wrath and wearing a +0 leather armour (heavily wounded, berserk, lightly drained, ally target, 70% to hit)
You shoot an arrow.
The arrow hits Rupert but does no damage.
Rupert is heavily wounded.
Rupert hits you with a +5 great sword of holy wrath!!!
* * * LOW HITPOINT WARNING * * *
A demonic guardian appears!
You convulse!
You die...

#.# #.# ... #.# #.#
#.# #5# ###+## #@#
#....# ##@#######
+....# ######9.T.....#
#....###....'........#
#..<.#...####........+
#....#.### #........#
#....#.# #........#
#....'.# ###'######
#....### #..#


You could see Rupert (berserk, drained, ally target), a friendly troll
(summoned), a friendly gargoyle (summoned) and a friendly white imp (summoned).

Vanquished Creatures
  A boulder beetle (D:11)
  A black mamba (Lair:1)
  2 gargoyles
  A cane toad (Lair:1)
  A rime drake (Lair:1)
  A troll (D:7)
  A shadow (D:11)
  A wyvern (D:10)
  18 yaks
  2 wraiths
  2 vampire mosquitoes (D:11)
  A water moccasin (Lair:1)
  10 orc warriors
  2 black bears
  3 ice beasts
  A sky beast (D:7)
  A centaur (D:11)
  2 ogres
  A phantom (D:4)
  A kobold brigand (D:8)
  3 bullfrogs
  2 necrophages
  2 scorpions
  16 killer bees
  A howler monkey (D:9)
  2 jellies
  3 orc priests (D:9)
  3 hounds
  Terence (D:2)
  3 orc wizards (D:9)
  13 gnolls
  10 adders
  A river rat (D:5)
  2 shadow imps
  A white imp (D:7)
  An ufetubus (D:4)
  2 worms
  A dart slug (D:2)
  38 orcs
  14 ball pythons
  3 endoplasms
  9 giant cockroaches
  13 goblins
  5 hobgoblins
  9 quokkas
  5 bats
  7 frilled lizards
  6 kobolds
  3 rats
232 creatures vanquished.

Vanquished Creatures (collateral kills)
  Fannar (D:11)
  A boulder beetle (D:11)
  A manticore (D:12)
  An orc knight (Bailey)
  Maurice (D:8)
  2 centaur zombies (D:11)
  A gargoyle (D:12)
  2 cane toads (Lair:1)
  2 kobold demonologists
  Psyche (D:10)
  A troll (D:11)
  A queen bee (D:11)
  A hornet (D:9)
  A wolf spider simulacrum (D:11)
  A vampire (D:10)
  2 centaur simulacra (D:11)
  A wyvern (Lair:1)
  2 wraiths (D:10)
  A shadow (D:11)
  11 yaks
  2 steam dragons
  3 water moccasins
  An ice beast (D:6)
  8 orc warriors
  2 black bears (D:6)
  An ogre (D:6)
  3 bullfrogs
  A gnoll sergeant (D:7)
  A necrophage (D:8)
  4 wights (D:10)
  5 killer bees
  4 howler monkeys
  4 orc priests
  A jelly (D:4)
  A gnoll bouda (D:7)
  A hound (D:4)
  An iguana (D:5)
  5 orc wizards
  2 adders
  6 gnolls (D:7)
  21 orcs
  A goblin (D:10)
  A kobold (D:8)
114 creatures vanquished.

Vanquished Creatures (others)
  2 ancestors
  13 battlemagi
  3 fungi (Lair:1)
  2 plants (Lair:1)
20 creatures vanquished.

Grand Total: 366 creatures vanquished

Notes
Turn   | Place    | Note
-------+----------+-------------------------------------------
     0 | D:5      | flotson the Demonspawn Delver began the quest for the Orb.
     0 | D:5      | Reached XP level 1. HP: 18/18 MP: 1/1
    38 | D:5      | Found a glowing drain.
   161 | D:5      | Noticed a bullfrog
   165 | D:5      | Gained mutation: You are partially covered in large bone
                  | plates. (SH +4) [demonic ancestry]
   165 | D:5      | Reached XP level 2. HP: 17/24 MP: 2/2
   170 | Sewer    | Entered a sewer
   241 | Sewer    | HP: 1/24 [poisoned by an adder]
   360 | Sewer    | Reached skill level 1 in Armour
   360 | Sewer    | Reached skill level 1 in Evocations
   360 | Sewer    | Gained mutation: A weak demonic guardian rushes to your
                  | aid. [demonic ancestry]
   360 | Sewer    | Reached XP level 3. HP: 28/29 MP: 3/3
   671 | Sewer    | Noticed a bullfrog
   678 | Sewer    | Noticed a bullfrog
   686 | Sewer    | Killed a bullfrog
   687 | Sewer    | Gained mutation: You have sharp fingernails. [demonic
                  | ancestry]
   687 | Sewer    | Reached XP level 4. HP: 12/37 MP: 4/4
   819 | D:4      | Noticed a phantom
  1496 | D:1      | Reached XP level 5. HP: 35/42 MP: 5/5
  1985 | D:2      | Noticed Terence
  1987 | D:2      | Killed Terence
  1988 | D:2      | Reached skill level 4 in Fighting
  2186 | D:2      | Reached skill level 1 in Throwing
  2476 | D:2      | Found a snail-covered altar of Cheibriados.
  2859 | D:2      | Reached XP level 6. HP: 48/48 MP: 6/6
  3140 | D:2      | Found a snail-covered altar of Cheibriados.
  3393 | D:3      | Found a hazy altar of Hepliaklqana.
  3402 | D:3      | Became a worshipper of Hepliaklqana the Forgotten
  3441 | D:3      | Reached skill level 1 in Ranged Weapons
  3576 | D:3      | Found a broken altar of Ashenzari.
  3782 | D:4      | Found a staircase to the Ecumenical Temple.
  3785 | D:4      | Reached * piety under Hepliaklqana
  4108 | D:4      | Reached skill level 1 in Invocations
  4400 | D:5      | Gained mutation: You are mostly covered in large bone
                  | plates. (SH +6) [demonic ancestry]
  4400 | D:5      | Reached XP level 7. HP: 49/49 MP: 8/8
  4915 | D:5      | Gained mutation: A meltable shield of frost defends you.
                  | (SH +4) [demonic ancestry]
  4915 | D:5      | Reached XP level 8. HP: 54/54 MP: 10/10
  5185 | D:6      | Reached skill level 5 in Fighting
  5372 | D:6      | Reached ** piety under Hepliaklqana
  5373 | D:6      | Remembered your ancestor Mirko as a battlemage
  5901 | D:7      | Reached XP level 9. HP: 31/61 MP: 12/12
  6058 | D:7      | Noticed a troll
  6072 | D:7      | Killed a troll
  6073 | D:7      | Reached skill level 5 in Invocations
  6588 | D:8      | Reached skill level 6 in Fighting
  6589 | D:8      | Reached skill level 5 in Evocations
  6634 | D:8      | Reached skill level 5 in Dodging
  6713 | D:8      | Reached *** piety under Hepliaklqana
  6735 | D:8      | Noticed Maurice
  6744 | D:8      | Killed Maurice
  6780 | D:8      | Found a hide-covered altar of Uskayaw.
  6780 | D:8      | Noticed a +0 falchion
  6781 | D:8      | Noticed a +0 short sword
  6782 | D:8      | Noticed a +0 falchion
  6782 | D:8      | Noticed a +0 spear
  6782 | D:8      | Noticed a +0 dagger
  6783 | D:8      | Noticed a +0 short sword
  6784 | D:8      | Noticed a +0 dagger
  6785 | D:8      | Noticed a +0 spear
  6939 | D:8      | Found a staircase to the Lair.
  7009 | D:8      | Found a bloodstained altar of Trog.
  7318 | D:9      | Reached skill level 5 in Armour
  7445 | D:9      | Found a stormy altar of Qazlal.
  7522 | D:9      | Gained mutation: You are completely covered in large bone
                  | plates. (SH +8) [demonic ancestry]
  7522 | D:9      | Reached XP level 10. HP: 69/69 MP: 14/14
  7588 | D:9      | Found a staircase to the Orcish Mines.
  8054 | D:9      | Reached skill level 5 in Throwing
  8086 | D:10     | Entered Level 10 of the Dungeon
  8113 | D:10     | Reached **** piety under Hepliaklqana
  8135 | D:10     | Found a flagged portal.
  8141 | D:10     | Identified the +3 leather armour "Veggef" {Regen+ Int+4}
  8162 | Bailey   | Entered a bailey
  8217 | Bailey   | Reached skill level 5 in Ranged Weapons
  8300 | Bailey   | Reached skill level 7 in Fighting
  8301 | Bailey   | Noticed an orc knight
  8312 | Bailey   | Killed an orc knight
  8445 | D:10     | Noticed Psyche
  8448 | D:10     | Killed Psyche
  8614 | D:10     | Gained mutation: You have very sharp fingernails. [demonic
                  | ancestry]
  8614 | D:10     | Reached XP level 11. HP: 75/75 MP: 16/16
  9273 | Lair:1   | Entered Level 1 of the Lair of Beasts
  9329 | Lair:1   | Reached ***** piety under Hepliaklqana
  9583 | Lair:1   | Reached skill level 8 in Fighting
 10230 | D:11     | Noticed a boulder beetle
 10241 | D:11     | Killed a boulder beetle
 10292 | D:11     | Noticed a boulder beetle
 10296 | D:11     | Killed a boulder beetle
 10326 | D:11     | Gained mutation: You have claws for hands. [demonic
                  | ancestry]
 10326 | D:11     | Reached XP level 12. HP: 84/84 MP: 18/18
 10442 | D:11     | Found a runed translucent gate.
 10442 | D:11     | Found a runed translucent gate.
 10442 | D:11     | Found a runed translucent gate.
 10443 | D:11     | Noticed NinjaNoafa's ghost (novice FeSu)
 10494 | D:11     | Noticed Fannar
 10842 | D:11     | Killed Fannar
 11292 | D:12     | Reached skill level 9 in Fighting
 11298 | D:12     | Noticed Rupert
 11303 | D:12     | Paralysed by Rupert for 3 turns
 11323 | D:12     | HP: 3/85 [Rupert/+5 great sword of holy wrath (37)]
 11323 | D:12     | Mangled by Rupert

Illustrated notes

Levels and vault maps discovered:
D:1:      shiori_arrival_elements, layout_basic, hex_large
D:2:      layout_basic, basic_altar, uniq_terence
D:3:      layout_rooms, mainiacjoe_overflow_catch_the_wave, columned_hall_lemuel
D:4:      layout_gridville, minmay_temple_entry_wispy
D:5:      layout_loops_cross, portal_sewer_entry_a, hangedman_decor_points
D:6:      layout_cave_pods, st_stairs_4
D:7:      layout_rooms, hellmonk_bongcloud_opening
D:8:      nicolae_cairo_tiling_very_big, layout_cave_pods,
          mainiacjoe_overflow_paths, elyvilon_altar_4,
          nicolae_uskayaw_en_pointe, lair_entry_dummy, uniq_maurice
D:9:      layout_roguey, nicolae_qazlal_eye_of_the_storm, david_orc_4,
          special_room [special_room_orc]
D:10:     nicolae_cairo_tiling, layout_basic, enter_bailey_3,
          hangedman_decor_push, uniq_psyche
D:11:     layout_roguey, gammafunk_ghost_necromancy, minivault_7, uniq_fannar
D:12:     layout_roguey, uniq_rupert
Lair:1:   layout_small_grid

Skill      XL: |  1  2  3  4  5  6  7  8  9 10 11 12 |
---------------+-------------------------------------+-----
Dodging        | 2 3 4 5 6 7 |  7.9
Armour         | 1 2 3 4 5 7 |  7.6
Evocations     | 1 2 3 4 5 6 7 8 |  8.2
Fighting       | 4 5 6 7 8 9 |  9.0
Throwing       | 1 2 3 4 5 6 7 |  7.3
Ranged Weapons | 1 2 3 4 5 6 7 |  7.2
Invocations    | 1 3 4 6 7 8 |  8.0
Polearms       | |  1.7
Stealth        | |  4.5

Action                   |  1- 3 |  4- 6 |  7- 9 | 10-12 || total
-------------------------+-------+-------+-------+-------++-------
Melee: Spear             |   159 |       |       |       ||   159
       Punch             |     1 |       |       |       ||     1
       War axe           |       |     9 |       |       ||     9
 Fire: Shortbow          |       |   133 |   220 |   590 ||   943
Invok: Ancestor Life: Ba |       |       |     1 |       ||     1
       Recall Ancestor   |       |       |       |     1 ||     1
  Use: Potion            |     2 |       |       |     2 ||     4
       Scroll            |     1 |     4 |       |    13 ||    18
 Stab: Sleeping          |     1 |       |       |       ||     1
Armor: Leather armour    |     8 |       |       |    39 ||    47
       Ring mail         |    62 |    23 |    28 |       ||   113
       Steam dragon scal |       |       |       |     2 ||     2
Dodge: Dodged            |   118 |    41 |    46 |   187 ||   392
Block: Other             |    30 |     9 |    85 |   385 ||   509
       Reflection        |       |       |     1 |     8 ||     9

Table legend: (Time is in decaauts)
 A = Elapsed time spent in this place.
 B = Non-inter-level travel time spent in this place.
 C = Inter-level travel time spent in this place.
 D = Time resting spent in this place.
 E = Time spent auto-exploring this place.
 F = Levels seen in this place.
 G = Mean time per level.
                   A        B        C        D        E       F      G
               +--------+--------+--------+--------+--------+-----+--------+
         Total |  11677 |  11103 |    574 |    330 |   8385 |  15 |  778.5 |
       Dungeon |   9843 |   9309 |    534 |    157 |   7314 |  12 |  820.2 |
          Lair |    919 |    880 |     39 |      0 |    689 |   1 |  919.0 |
         Sewer |    697 |    697 |      0 |    173 |    274 |   1 |  697.0 |
        Bailey |    217 |    217 |      0 |      0 |    108 |   1 |  217.0 |
               +--------+--------+--------+--------+--------+-----+--------+

Top non-repeatable levels by time:
     D:2: 1499 daAuts
    D:10: 1104 daAuts
     D:9: 982 daAuts
     D:5: 941 daAuts
  Lair:1: 919 daAuts
     D:8: 878 daAuts
    D:11: 862 daAuts
     D:1: 837 daAuts
     D:4: 750 daAuts
     D:6: 705 daAuts
   Sewer: 697 daAuts
     D:7: 633 daAuts
     D:3: 569 daAuts
  Bailey: 217 daAuts
    D:12: 78 daAuts
